AoeStats
← Lord Reed 5th

Arabia

510122362Analyzed
1v1 RM · 3d ago on Sep 29, 2026· 49m 25s· 2 players
Game mode
Random Map
Map size
Tiny (2 player)
Population
200
Speed
Normal
Resources
Standard
Victory
Conquest
Starting age
Dark Age
Ending age
Imperial Age
RankedLock teamsTeams togetherTeam positionsShared explorationLock speedFull tech treeHidden civsTurbo modeCheats
Victory
Defeat
🇬🇧 Japanese · United Kingdom
1177
+18
🇫🇮 Magyars · Finland
1212
-18
Lord Reed 5th
7:18 Loom
9:39 Feudal Age
10:01 Man-at-Arms
20:30 Horse Collar
24:29 Scale Mail Armor
24:40 Forging
26:54 Castle Age
25:17 Arson
27:22 Long Swordsman
27:48 Gambesons
28:09 Fletching
29:56 Chain Mail Armor
35:23 Iron Casting
34:54 Squires
38:45 Double-Bit Axe
47:08 Heavy Plow
hikiperc
7:08 Loom
9:10 Feudal Age
11:11 Double-Bit Axe
23:02 Castle Age
23:17 Gold Mining
23:58 Fletching
24:39 Bodkin Arrow
28:10 Stone Mining
30:54 Scale Barding Armor
32:06 Thumb Ring
34:32 Ballistics
Connection lost

Rejoining the realm…

Still unreachable

The connection could not be restored.

Session expired

The server has moved on; the page needs a fresh start.